Map: Blackpink LE

Players

Infamous

  • Race: Protoss Protoss
  • League: Bronze
  • Spawn Location: 1:00

SJSlacks - Winner!

  • Race: Zerg Zerg
  • League: Silver
  • Spawn Location: 7:00

VOD

Have the link to the VOD?

Description

Time

  • Played on: March 9, 2018, 8:21 a.m.
  • Length: 18:21
Show
View Real Time Build Order
Export as new Build Order

Infamous Protoss 

Build Orders: 1 Gate Expand 

Get SALT Encoding   

  12  0:01  Probe  
  13  0:13  Probe  
  14  0:26  Pylon  
  14  0:28  Probe  
  15  0:51  Gateway  
  15  0:56  Probe (Chrono Boost)  
  16  1:07  Probe (Chrono Boost)  
  17  1:11  Assimilator  
  17  1:24  Nexus  
  17  1:25  Probe (Chrono Boost)  
  18  1:36  Probe (Chrono Boost)  
  19  1:47  Zealot  
  21  1:56  Cybernetics Core  
  21  1:59  Pylon  
  21  2:04  Probe (Chrono Boost)  
  22  2:15  Pylon  
  22  2:26  Zealot  
  22  2:29  Warp Gate (Chrono Boost)  
  24  2:36  Forge  
  24  2:43  Assimilator  
  24  2:44  Pylon  
  24  2:51  Pylon  
  23  3:09  Probe x2  
  25  3:15  Protoss Ground Armor Level 1 (Chrono Boost)  
  25  3:21  Probe  
  26  3:28  Pylon  
  26  3:31  Shield Battery  
  26  3:33  Probe  
  27  3:38  Probe  
  28  3:43  Stalker  
  30  3:51  Stargate  
  30  3:55  Probe (Chrono Boost)  
  31  3:57  Probe (Chrono Boost)  
  32  4:07  Probe (Chrono Boost)  
  33  4:11  Gateway  
  33  4:20  Shield Battery  
  33  4:21  Probe  
  33  4:22  Shield Battery  
  34  4:40  Photon Cannon  
  34  4:45  Photon Cannon  
  34  4:51  Probe (Chrono Boost)  
  34  4:52  Pylon  
  35  4:56  Pylon  
  36  5:00  Phoenix  
  36  5:01  Probe (Chrono Boost)  
  39  5:07  Probe (Chrono Boost)  
  40  5:14  Probe (Chrono Boost)  
  40  5:20  Probe (Chrono Boost)  
  41  5:27  Photon Cannon  
  41  5:29  Photon Cannon  
  41  5:32  Probe, Phoenix (Chrono Boost)  
  44  5:44  Probe  
  44  5:45  Gateway  
  45  5:58  Robotics Facility  
  45  6:03  Sentry x2  
  49  6:07  Probe (Chrono Boost)  
  50  6:15  Assimilator  
  50  6:18  Assimilator  
  50  6:20  Gateway  
  50  6:23  Gateway  
  50  6:27  Phoenix  
  50  6:28  Gateway  
  52  6:52  Probe  
  53  6:54  Protoss Air Weapons Level 1  
  53  6:56  Zealot x2  
  57  7:29  Probe (Chrono Boost)  
  58  7:35  Void Ray  
  62  7:38  Observer  
  62  7:39  Probe (Chrono Boost)  
  64  7:53  Stalker x2  
  64  7:54  Stalker x2  
  72  8:05  Protoss Ground Weapons Level 1 (Chrono Boost)  
  72  8:11  Pylon  
  72  8:15  Pylon  
  72  8:20  Robotics Bay  
  72  8:23  Pylon  
  72  8:30  Phoenix  
  72  8:33  Robotics Facility  
  66  9:25  Phoenix  
  66  9:26  Colossus (Chrono Boost)  
  66  9:28  Extended Thermal Lance  
  74  9:42  Stalker  
  74  9:43  Stalker  
  74  9:44  Zealot x3  
  74  9:45  Zealot  
  86  9:56  Probe (Chrono Boost)  
  86  9:58  Colossus (Chrono Boost)  
  87  10:05  Probe (Chrono Boost)  
  94  10:14  Colossus (Chrono Boost)  
  94  10:15  Twilight Council  
  100  10:28  Sentry x2  
  100  10:29  Sentry x3  
  100  10:32  Nexus  
  100  10:35  Pylon x2  
  110  10:52  Colossus  
  116  11:07  Protoss Ground Armor Level 2, Charge (Chrono Boost)  
  116  11:11  Gateway  
  116  11:12  Gateway  
  116  11:14  Gateway  
  116  11:23  Probe (Chrono Boost)  
  118  11:33  Probe (Chrono Boost)  
  118  11:38  Probe (Chrono Boost)  
  119  11:40  Stalker  
  119  11:41  Zealot x2  
  119  11:45  Sentry  
  119  11:46  Sentry  
  129  12:10  Void Ray  
  133  12:19  Probe  
  134  12:31  Probe  
  135  12:43  Probe  
  98  12:52  Void Ray  
  98  12:55  Probe  
  79  13:00  Stalker x2  
  79  13:02  Stalker x2  
  79  13:03  Stalker x3  
  79  13:04  Stalker  
  73  13:17  Colossus  
  79  13:21  Probe  
  80  13:33  Probe  
  81  13:44  Templar Archives  
  81  13:45  Probe  
  82  13:52  Pylon  
  82  13:54  Pylon, Zealot x3  
  82  13:55  Zealot x2  
  92  13:57  Sentry x2  
  92  14:01  Pylon  
  96  14:13  Probe  
  97  14:23  Zealot x3  
  97  14:24  Zealot x4  
  111  14:33  Colossus  
  60  15:14  Observer  
  60  15:17  Stalker x2  
  60  15:18  Stalker x5  
  60  15:19  Stalker  
  76  15:28  Observer  
  77  15:29  High Templar  
  79  15:41  Colossus  
  79  15:42  Probe (Chrono Boost)  
  86  15:52  Probe (Chrono Boost)  
  87  16:08  Colossus  
  87  16:09  High Templar  
  89  16:16  Archon  
  95  16:30  Colossus  
  95  16:36  Nexus  
  101  16:42  Pylon  
  101  16:48  Zealot  
  101  16:49  Zealot x2  
  107  16:58  Stalker x2  
  111  17:03  High Templar  
  111  17:04  High Templar  
  115  17:17  Archon  
  115  17:23  Assimilator  
  115  17:24  Probe (Chrono Boost)  
  115  17:29  Assimilator  
  116  17:33  Zealot x4  
  116  17:34  Zealot x3  
  130  17:45  High Templar  
  130  17:46  Zealot  
Show
View Real Time Build Order
Export as new Build Order

SJSlacks Zerg - Winner!

Build Orders: Hatch First, Lurkers 

Get SALT Encoding   

  12  0:30  Hatchery  
  11  0:47  Spawning Pool  
  10  0:56  Overlord  
  10  1:07  Overlord  
  10  1:34  Drone x3  
  10  1:38  Queen  
  15  1:56  Zergling x2  
  15  1:57  Zergling x4  
  18  2:05  Queen  
  20  2:30  Drone  
  20  2:31  Drone x5  
  26  2:52  Drone x2  
  28  3:16  Overlord x2  
  28  3:21  Drone  
  28  3:22  Drone x3  
  32  3:32  Extractor  
  31  3:35  Extractor  
  30  3:52  Queen x2  
  34  3:59  Drone  
  34  4:00  Drone x2  
  34  4:02  Drone x3  
  40  4:14  Zergling x2  
  40  4:15  Zergling x8  
  45  4:50  Drone  
  45  4:51  Drone x6  
  52  4:55  Extractor  
  52  4:56  Extractor  
  50  5:05  Baneling Nest  
  49  5:11  Roach Warren  
  49  5:12  Lair  
  48  5:40  Hatchery  
  47  5:53  Hatchery, Metabolic Boost  
  46  6:07  Spore Crawler  
  45  6:11  Overlord x6  
  45  6:43  Roach x4  
  53  6:49  Baneling x5  
  53  7:01  Drone, Overlord  
  53  7:02  Overlord x7  
  53  7:24  Spire  
  53  7:28  Drone  
  53  7:29  Drone x2  
  55  7:31  Drone x3  
  55  7:34  Roach x2  
  55  7:35  Roach x6  
  74  7:53  Drone x7  
  81  8:02  Drone x2  
  81  8:03  Drone  
  84  8:36  Mutalisk x3, Hydralisk Den  
  84  8:37  Mutalisk x2  
  84  8:39  Mutalisk  
  94  9:05  Mutalisk x3  
  94  9:27  Baneling x3  
  94  9:28  Baneling  
  94  9:29  Ravager  
  94  9:30  Ravager  
  96  9:52  Extractor  
  95  9:54  Extractor  
  95  9:55  Extractor  
  95  9:56  Queen x2  
  97  10:13  Lurker Den  
  96  10:24  Drone  
  96  10:25  Drone x2  
  96  10:27  Drone x3  
  102  10:29  Overlord  
  102  10:30  Overlord x12  
  102  10:42  Queen  
  104  11:18  Hydralisk, Queen  
  104  11:19  Hydralisk x11  
  130  11:32  Mutalisk x2  
  130  11:33  Mutalisk  
  130  11:34  Hydralisk  
  130  11:35  Infestation Pit  
  137  12:03  Lurker  
  137  12:04  Lurker x3  
  99  12:57  Hydralisk x13  
  99  12:58  Hydralisk x11  
  117  13:56  Lurker x3  
  117  13:57  Lurker x5  
  117  13:58  Lurker x3  
  117  14:01  Roach  
  117  14:02  Roach x2  
  134  14:06  Drone x3  
  137  14:15  Extractor  
  136  14:32  Roach  
  136  14:33  Roach x11  
  160  14:42  Drone x2  
  160  14:43  Drone  
  133  15:10  Hydralisk  
  133  15:11  Hydralisk x10  
  155  15:30  Overseer x3  
  155  15:35  Hydralisk, Overlord  
  155  15:36  Hydralisk x7  
  171  16:00  Burrow  
  171  16:02  Pneumatized Carapace  
  171  16:28  Roach  
  171  16:29  Hydralisk, Roach x10  
  195  17:27  Evolution Chamber  
  194  18:04  Hatchery  
  177  18:20  Hatchery  
Tags
 
Add a new tag
Caveats
  • Supply blocks, unpowered buildings, or Contaminate may cause inaccurate times.
  • Supply counts are checked every 10 seconds.